[Event "*** Titled Tuesday Blitz"]
[Site "Chess.com"]
[Date "2020.04.21"]
[Round "7"]
[White "ChrisTool2"]
[Black "Kimster98"]
[Result "1/2-1/2"]
[WhiteElo "2408"]
[BlackElo "2537"]
[TimeControl "180+1"]
[EndTime "11:20:29 PDT"]
[Termination "Game drawn by agreement"]

1. e4 e5 2. Nf3 Nc6 3. Bb5 Nf6 4. O-O Nxe4 5. d4 Nd6 6. dxe5 Nxb5 7. a4 Nbd4 8. Nxd4 Nxd4 9. Qxd4 d5 10. exd6 Qxd6 11.
Qe3+ Be7 12. Nc3 Be6 13. Nb5 Qc6 14. Qg3 O-O 15. Qxc7 Bd8 16. Qxc6 bxc6 17. Nd4 Bd5 18. Be3 Bf6 19. Rab1 Bxd4 20. Bxd4 a6 21. Rfe1 Rfe8 22. b3 f6 23. f3 Kf7 24. Kf2 Rxe1 25. Rxe1 Re8 26.
Rxe8 Kxe8 27. Ke3 1/2-1/2

[Event "*** Titled Tuesday Blitz"]
[Site "Chess.com"]
[Date "2020.04.21"]
[Round "7"]
[White "Hippotaner"]
[Black "powermove"]
[Result "1-0"]
[WhiteElo "2225"]
[BlackElo "1597"]
[TimeControl "180+1"]
[EndTime "11:20:29 PDT"]
[Termination "Hippotaner won by resignation"]

1. e4 e5 2. Nf3 Nc6 3. Bc4 Nf6 4. d3 Bc5 5. O-O d6 6. a4 a6 7. c3 Ba7 8. Na3 O-O 9. Nc2 h6 10. Be3 Ne7 11. Bxa7 Rxa7 12. Re1 Ng6 13. d4 Qe7 14.
dxe5 dxe5 15. Nb4 c6 16. Nd3 Nh5 17. Qb3 Bg4 18. Nd2 Rd8 19. f3 Bc8 20. Qc2 b5 21. axb5 cxb5 22. Bd5 Nf6 23. Nb4 Qc5+ 24. Kh1 Nxd5 25.
exd5 Rd6 26. Ne4 Bf5 27. Nxc5 1-0

[Event "*** Titled Tuesday Blitz"]
[Site "Chess.com"]
[Date "2020.04.21"]
[Round "7"]
[White "bupunsu01"]
[Black "11kevin"]
[Result "0-1"]
[WhiteElo "2284"]
[BlackElo "2530"]
[TimeControl "180+1"]
[EndTime "11:20:31 PDT"]
[Termination "11kevin won by resignation"]

1. d4 Nf6 2. Nf3 e6 3. g3 b5 4. Bg2 Bb7 5. O-O c5 6. dxc5 Bxc5 7. b3 O-O 8. Bb2 a5 9. Nbd2 a4 10. a3 d5 11. c4 dxc4 12. bxc4 b4 13. axb4 Bxb4 14. Bxf6 Qxf6 15. Rxa4 Nc6 16. Rxa8 Rxa8 17. Qb1 Rd8 18. Ne4 Qg6 19. Nh4 Qh6 20. Nc5 Bxc5 21.
Qxb7 Nd4 22. Qc7 Nxe2+ 23. Kh1 Qg5 24. Bf3 Nd4 25. Rd1 h6 26. Be4 Rf8 27. f4 Qh5 28. Qe5 Qxd1+ 0-1

[Event "*** Titled Tuesday Blitz"]
[Site "Chess.com"]
[Date "2020.04.21"]
[Round "7"]
[White "Izoria123"]
[Black "D0wnpour"]
[Result "1-0"]
[WhiteElo "2785"]
[BlackElo "2602"]
[TimeControl "180+1"]
[EndTime "11:20:32 PDT"]
[Termination "Izoria123 won by checkmate"]

1. Nf3 c5 2. e4 e6 3. c3 d5 4. exd5 Qxd5 5. d4 Nf6 6. Be2 Be7 7. O-O O-O 8. c4 Qd8 9. dxc5 Bxc5 10. Nc3 Nc6 11.
a3 b6 12. b4 Be7 13. Bf4 Bb7 14. Qc1 Nh5 15. Rd1 Qc8 16. Be3 Rd8 17. Qc2 Nf6 18. h3 Qb8 19. Nb5 a6 20. Nc3 Qc7 21. Na4 Rxd1+ 22. Rxd1 Nd7 23. Rxd7 Qxd7 24. Nxb6 Qd8 25.
Nxa8 Qxa8 26. c5 Bf6 27. Bd3 g6 28. Be4 Kg7 29. Qd2 h5 30. Qd7 h4 31. Ng5 Bxg5 32.
Bxg5 Ne5 33. Qxb7 Qh8 34. Qe7 Nd7 35. Qxd7 Qh5 36. Qd4+ Kh7 37. Be3 Qf3 38. Bxf3 e5 39.
Qxe5 a5 40. Bd4 axb4 41. Qg7# 1-0

[Event "*** Titled Tuesday Blitz"]
[Site "Chess.com"]
[Date "2020.04.21"]
[Round "7"]
[White "Lysiak_Poltorak"]
[Black "lolo9292"]
[Result "1-0"]
[WhiteElo "2352"]
[BlackElo "2498"]
[TimeControl "180+1"]
[EndTime "11:20:32 PDT"]
[Termination "Lysiak_Poltorak won by resignation"]

1. e4 g6 2. d4 Bg7 3. Nc3 d6 4. Be3 Nc6 5. h4 h6 6. Qd2 e6 7. O-O-O a6 8. f3 Nge7 9. g4 b5 10. Kb1 Bb7 11. Nh3 Rc8 12. Ne2 Nb8 13. Bg2 Nd7 14.
h5 g5 15. f4 gxf4 16. Nexf4 Nb6 17. Qe2 Nc4 18. Bc1 c5 19. d5 Qa5 20. dxe6 Qb4 21.
c3 Bxc3 22. Nd3 Na3+ 23. Ka1 Qd4 24. bxc3 Qxc3+ 25. Bb2 Nc2+ 26. Kb1 Na3+ 27. Bxa3 Qxa3 28. exf7+ Kd7 29. Qb2 Qa4 30. Rhf1 c4 31. Ne5+ Kc7 32. Ng6 Nxg6 33. hxg6 c3 34. Qxc3+ Kb8 35. Qd4 Qc2+ 36.
Ka1 Qxg2 37. g7 Rc2 38. Rf2 Rxf2 39. Qxf2 Qxf2 40. Nxf2 1-0

[Event "*** Titled Tuesday Blitz"]
[Site "Chess.com"]
[Date "2020.04.21"]
[Round "7"]
[White "pomeraniandog"]
[Black "kleopl"]
[Result "0-1"]
[WhiteElo "1834"]
[BlackElo "2438"]
[TimeControl "180+1"]
[EndTime "11:20:33 PDT"]
[Termination "kleopl won on time"]

1. e4 c6 2. d4 d5 3. exd5 cxd5 4. Bd3 Nc6 5. c3 Nf6 6. Bf4 Bg4 7. Qb3 Qc8 8. Nd2 e6 9. h3 Bh5 10. Ngf3 Be7 11. O-O Bg6 12. Bxg6 hxg6 13. Ne5 Kf8 14. Rae1 Kg8 15. Bg5 Qc7 16. f4 Bd6 17. Ndf3 Ne8 18. Bh4 Rb8 19. Bg3 Rh5 20. Ng5 Nd8 21. Nexf7 Nxf7 22. Nxe6 Qd7 23. Bh2 Nf6 24. Nc5 Bxc5 25. dxc5 Rc8 26.
Qb4 Qc6 27. Rf2 Qxc5 28. Qxb7 Ne4 29. Rxe4 dxe4 0-1

[Event "*** Titled Tuesday Blitz"]
[Site "Chess.com"]
[Date "2020.04.21"]
[Round "7"]
[White "RodinMihail"]
[Black "IngOscarArdila"]
[Result "1-0"]
[WhiteElo "2350"]
[BlackElo "2035"]
[TimeControl "180+1"]
[EndTime "11:20:33 PDT"]
[Termination "RodinMihail won by resignation"]

1. e4 e5 2. Nf3 Nc6 3. Nc3 Nf6 4.
d4 exd4 5. Nxd4 Bb4 6. Nxc6 bxc6 7. Bd3 d5 8. exd5 cxd5 9. Qe2+ Be6 10. Bb5+ Nd7 11.
Bc6 O-O 12. Bxa8 Qxa8 13. O-O Re8 14. Qf3 Ne5 15. Qg3 Bd6 16. Nb5 Nc4 17. Nxd6 Nxd6 18. Bf4 Ne4 19. Qf3 c5 20. Rfe1 f5 21. Rad1 Bf7 22. Qa3 d4 23. f3 g5 24. fxe4 gxf4 25. exf5 Qc8 26. Qh3 Re3 27. Qg4+ Kh8 28. Qxf4 Qe8 29.
Rxe3 dxe3 30. Re1 e2 31. Qd2 Qe4 32. Qxe2 Qxf5 33. Qe5+ Qxe5 34. Rxe5 Kg7 35. Rxc5 Bxa2 36. b3 Kg6 37. Kf2 Bb1 38. Ke3 Kf6 39. Kd2 Ke6 40.
Kc1 Kd6 41. Rc4 Ba2 42. Kb2 a5 43. Kxa2 a4 1-0

[Event "*** Titled Tuesday Blitz"]
[Site "Chess.com"]
[Date "2020.04.21"]
[Round "7"]
[White "WPWPWP-2015"]
[Black "ferdipy"]
[Result "1-0"]
[WhiteElo "2412"]
[BlackElo "2223"]
[TimeControl "180+1"]
[EndTime "11:20:35 PDT"]
[Termination "WPWPWP-2015 won by resignation"]

1. e4 c5 2. Nf3 Nc6 3. d4 cxd4 4.
Nxd4 Nf6 5. Nc3 e5 6. Ndb5 d6 7. Nd5 Nxd5 8. exd5 Nb8 9. Be3 a6 10. Na3 Be7 11. h4 Bxh4 12. Qh5 Bf6 13. Nc4 g6 14. Qf3 b5 15. Nb6 Bb7 16. Nxa8 Bxa8 17. a4 O-O 18.
axb5 e4 19. Qh3 h5 20. Be2 Bxb2 21. Bxh5 Qf6 22. Be2 Re8 23. Rd1 Re5 24. Qh7+ Kf8 25. Qh8+ Qxh8 26. Rxh8+ Ke7 27. Rxb8 Bxd5 28. bxa6 g5 29.
Rxb2 g4 1-0

[Event "*** Titled Tuesday Blitz"]
[Site "Chess.com"]
[Date "2020.04.21"]
[Round "7"]
[White "Avileyshon7"]
[Black "AndrewMaco"]
[Result "0-1"]
[WhiteElo "2328"]
[BlackElo "2551"]
[TimeControl "180+1"]
[EndTime "11:20:36 PDT"]
[Termination "AndrewMaco won by resignation"]

1. e4 c5 2. Nf3 d6 3. d4 cxd4 4.
Nxd4 Nf6 5. Nc3 a6 6. Bg5 e6 7.
Qe2 h6 8. Bh4 Be7 9. O-O-O Nxe4 10. Bxe7 Nxc3 11. Qc4 Nxa2+ 12. Qxa2 Qxe7 13. Nb5 d5 14.
Bd3 Nc6 15. Rhe1 O-O 16. Nc3 Qf6 17. f3 Bd7 18. Kb1 Rfc8 19. Na4 Nb4 20. Qb3 Nxd3 21. Rxd3 Bxa4 22. Qxa4 Rc4 23. Qd7 Rac8 24. Rb3 b5 25. c3 Qg6+ 26. Ka2 Ra4+ 27. Ra3 Rcc4 28. Rxa4 Rxa4+ 29. Kb3 d4 30. Re4 dxc3 31. Rxa4 bxa4+ 32. Qxa4 c2 33. Qc4 Qxg2 0-1

[Event "*** Titled Tuesday Blitz"]
[Site "Chess.com"]
[Date "2020.04.21"]
[Round "7"]
[White "tacticthunder"]
[Black "joksijoksi"]
[Result "1-0"]
[WhiteElo "2599"]
[BlackElo "2366"]
[TimeControl "180+1"]
[EndTime "11:20:43 PDT"]
[Termination "tacticthunder won on time"]

1. e4 c5 2. Nf3 Nc6 3. d4 cxd4 4. Nxd4 e5 5. Nb5 d6 6. c4 Be7 7. N1c3 a6 8. Na3 Nf6 9. Be2 Be6 10. O-O Qd7 11.
f3 Nd4 12. Be3 Rc8 13. Rc1 O-O 14. Kh1 Nxe2 15. Qxe2 Nh5 16. Rfd1 Qc7 17. Qd2 g6 18. Nd5 Bxd5 19. cxd5 Qb8 20. Nc4 Bd8 21. Qb4 b5 22. Nxd6 Rxc1 23. Rxc1 a5 24. Qxb5 Qxd6 25. Bc5 Qc7 26.
d6 Qc8 27. d7 Qc7 28. Rc3 1-0

[Event "*** Titled Tuesday Blitz"]
[Site "Chess.com"]
[Date "2020.04.21"]
[Round "7"]
[White "floplover"]
[Black "Bastiandash"]
[Result "1-0"]
[WhiteElo "2242"]
[BlackElo "1988"]
[TimeControl "180+1"]
[EndTime "11:20:44 PDT"]
[Termination "floplover won by checkmate"]

1. d4 Nf6 2. c4 e6 3. Nc3 Bb4 4. Qc2 b6 5. e4 Bb7 6. Bd3 d6 7.
Ne2 O-O 8. O-O Bxc3 9. Nxc3 e5 10. d5 a5 11. f4 exf4 12. Bxf4 Nfd7 13. Ne2 Qe7 14.
Nd4 g6 15. Rf2 Ne5 16. Raf1 Nbd7 17. Bh6 Rfe8 18. Be2 Nc5 19. Rf4 a4 20. Qc3 Ncd7 21.
Nb5 Rec8 22. Bg4 Ba6 23. Rxf7 Nxf7 24. Qg7# 1-0

[Event "*** Titled Tuesday Blitz"]
[Site "Chess.com"]
[Date "2020.04.21"]
[Round "7"]
[White "Nikolakis2014"]
[Black "OparinGrigoriy"]
[Result "0-1"]
[WhiteElo "2700"]
[BlackElo "2908"]
[TimeControl "180+1"]
[EndTime "11:20:47 PDT"]
[Termination "OparinGrigoriy won by resignation"]

1. Nf3 Nf6 2. c4 e6 3. g3 d5 4. d4 dxc4 5. Bg2 a6 6. O-O Nc6 7. e3 Bd7 8. Nc3 Bd6 9. Qe2 O-O 10. Qxc4 Qe7 11. Rd1 Rad8 12. e4 e5 13. Bg5 b5 14.
Qf1 exd4 15. Nd5 Qe6 16. Bxf6 gxf6 17. Rac1 Be5 18. Nh4 Ne7 19. Nxc7 Bxc7 20. Rxc7 Qd6 21. Rcc1 Bg4 22. f3 Be6 23. b3 Ng6 24. Nf5 Bxf5 25. exf5 Ne5 26. f4 Ng4 27. Qf3 Ne3 28. Rd3 Qb4 29. h3 Rc8 30. Rxc8 Rxc8 31. Rxe3 dxe3 32. Qxe3 Qc5 33. Kf2 Qxe3+ 34. Kxe3 Rc2 35. Bb7 Rxa2 36. g4 Ra3 37. Bd5 a5 38. Kd4 a4 39. b4 Rxh3 40. Kc5 a3 41. Kxb5 Rd3 42. Bc4 Rd2 43. Ka4 a2 44.
Bxa2 Rxa2+ 0-1

[Event "*** Titled Tuesday Blitz"]
[Site "Chess.com"]
[Date "2020.04.21"]
[Round "7"]
[White "HaryKane"]
[Black "tsvet2005"]
[Result "1-0"]
[WhiteElo "2677"]
[BlackElo "2514"]
[TimeControl "180+1"]
[EndTime "11:20:50 PDT"]
[Termination "HaryKane won by resignation"]

1. e4 c5 2. Nf3 d6 3. d4 cxd4 4. Nxd4 Nf6 5. Nc3 a6 6. Bc4 e6 7.
Bb3 b5 8. f3 Be7 9. Be3 Qc7 10.
Qd2 Nbd7 11. Bxe6 fxe6 12. Nxe6 Qc4 13. Nxg7+ Kf7 14. Nf5 Ne5 15. Nxe7 Kxe7 16. Bg5 Be6 17. Rd1 Rad8 18. b3 Qc5 19. Be3 Qc7 20. O-O Rhg8 21. Kh1 Rg6 22. f4 Neg4 23. f5 Nxe3 24. Qxe3 Ng4 25.
Qh3 Rf8 26. fxg6 hxg6 27. Qh7+ Rf7 28. Rxf7+ Bxf7 29. Nd5+ Kf8 30. Qh8+ 1-0

[Event "*** Titled Tuesday Blitz"]
[Site "Chess.com"]
[Date "2020.04.21"]
[Round "7"]
[White "Roenko_Artur"]
[Black "Onwgs"]
[Result "0-1"]
[WhiteElo "2277"]
[BlackElo "2485"]
[TimeControl "180+1"]
[EndTime "11:20:50 PDT"]
[Termination "Onwgs won by resignation"]

1. e4 c5 2. d4 cxd4 3. c3 Nf6 4. e5 Nd5 5. cxd4 e6 6. Nc3 d6 7. Nf3 Nxc3 8. bxc3 dxe5 9. Nxe5 Be7 10. Qf3 O-O 11.
Bd3 Nd7 12. Ng4 Nf6 13. Qh3 g6 14. Ne5 Qc7 15. Bd2 Nd7 16. Ng4 e5 17. O-O exd4 18.
cxd4 Nf6 19. Nh6+ Kg7 20. Qh4 Ng4 21. Qh3 Ne5 22. Bf5 Nc4 23. Bxc8 Qxc8 24. Qxc8 Raxc8 25. Bc1 Bf6 26. Ng4 Bxd4 27. Rb1 Kg8 28. Rd1 Rfd8 29. Bg5 Rd6 30. Rxb7 h5 31. Nf6+ Bxf6 0-1

[Event "*** Titled Tuesday Blitz"]
[Site "Chess.com"]
[Date "2020.04.21"]
[Round "7"]
[White "jsdbv18"]
[Black "Gajuchess"]
[Result "1-0"]
[WhiteElo "2575"]
[BlackElo "2711"]
[TimeControl "180+1"]
[EndTime "11:20:51 PDT"]
[Termination "jsdbv18 won by resignation"]

1. e4 c5 2. Nf3 e6 3. c4 Nc6 4. Nc3 Qb6 5. g3 Nf6 6. Bg2 d6 7. O-O Be7 8. d3 O-O 9. Ne1 a6 10. f4 Qc7 11. g4 Rb8 12. g5 Nd7 13. a4 Nd4 14. Be3 b6 15. Nf3 Nxf3+ 16. Qxf3 g6 17. h4 h5 18. gxh6 Nf6 19. Kh1 Kh7 20. Rg1 Rh8 21. Bh3 Qd8 22. f5 exf5 23. exf5 d5 24. cxd5 b5 25. axb5 axb5 26. Ra7 Rb7 27. fxg6+ fxg6 28. Rxg6 Kxg6 29. Qg3+ Ng4 30. Rxb7 Bxh4 31. Rg7+ Kf6 32.
Ne4+ 1-0

[Event "*** Titled Tuesday Blitz"]
[Site "Chess.com"]
[Date "2020.04.21"]
[Round "7"]
[White "tteshan"]
[Black "Kildepiotr"]
[Result "0-1"]
[WhiteElo "2265"]
[BlackElo "2540"]
[TimeControl "180+1"]
[EndTime "11:20:51 PDT"]
[Termination "Kildepiotr won on time"]

1. d4 c5 2. d5 e5 3. c4 d6 4.
e4 Be7 5. Nc3 Bg5 6. Nf3 Bxc1 7.
Rxc1 Ne7 8. Be2 O-O 9. O-O Ng6 10. Qd2 Nf4 11. Rfe1 Bg4 12. Nd1 Nxe2+ 13. Qxe2 f5 14. exf5 Rxf5 15. Rc3 Qf6 16. h3 Bxf3 17. Rxf3 Rxf3 18.
Qxf3 Qxf3 19. gxf3 Nd7 20. Ne3 Rf8 21. Kg2 Rf4 22. b3 Nf6 23. Ng4 Nh5 24. Re4 Rf8 25. Ne3 Nf4+ 26. Kh2 Nd3 27. Kg2 Nc1 28. Rg4 Nxa2 29.
Rg5 g6 30. h4 Nc1 31. h5 Kg7 32. Ng4 Nxb3 33. h6+ Kf7 34. Ne3 Ke7 35. Rg3 Nd4 36. Rh3 a5 0-1

[Event "*** Titled Tuesday Blitz"]
[Site "Chess.com"]
[Date "2020.04.21"]
[Round "7"]
[White "MFguimaraes"]
[Black "Arman_Hakemi"]
[Result "1/2-1/2"]
[WhiteElo "2415"]
[BlackElo "2556"]
[TimeControl "180+1"]
[EndTime "11:20:51 PDT"]
[Termination "Game drawn by agreement"]

1. e4 c6 2. d4 d5 3. Nd2 dxe4 4. Nxe4 Bf5 5. Qf3 e6 6. Ne2 Bxe4 7. Qxe4 Nf6 8. Qh4 Nbd7 9. Nc3 Be7 10. Bd3 Nd5 11.
Qg3 Bf6 12. Ne4 O-O 13. Nxf6+ N7xf6 14. c3 Ne7 15. Bg5 Ng6 16. h4 Qb8 17. h5 Qxg3 18.
fxg3 Ne7 19. h6 Rfd8 20. hxg7 Kxg7 21. Bxf6+ Kxf6 22. O-O-O Rg8 23. Rh6+ Ng6 24. Rf1+ Ke7 25. Rxh7 Raf8 1/2-1/2

[Event "*** Titled Tuesday Blitz"]
[Site "Chess.com"]
[Date "2020.04.21"]
[Round "7"]
[White "profofchess"]
[Black "ItsCheckM8Mate"]
[Result "0-1"]
[WhiteElo "2358"]
[BlackElo "2248"]
[TimeControl "180+1"]
[EndTime "11:20:52 PDT"]
[Termination "ItsCheckM8Mate won by resignation"]

1. e4 e5 2. f4 d5 3. exd5 exf4 4. Nf3 Nf6 5. Be2 Nxd5 6. c4 Nf6 7. d4 c5 8. Bxf4 cxd4 9. Qxd4 Bb4+ 10. Nc3 O-O 11.
O-O-O Qa5 12. a3 Nc6 13. Qd2 Ne4 14. Nxe4 Bxd2+ 15. Bxd2 Qc7 16. Bc3 Bf5 17. Ng3 Bg6 18.
Rd5 Rfe8 19. Rhd1 Rad8 20. b3 Rxd5 21. cxd5 Nd4 22. Rxd4 Qxc3+ 23. Kd1 Bc2+ 24. Kc1 Bxb3+ 0-1

[Event "*** Titled Tuesday Blitz"]
[Site "Chess.com"]
[Date "2020.04.21"]
[Round "7"]
[White "GMMatamoros"]
[Black "Nakachuk"]
[Result "0-1"]
[WhiteElo "2530"]
[BlackElo "2769"]
[TimeControl "180+1"]
[EndTime "11:20:54 PDT"]
[Termination "Nakachuk won by checkmate"]

1. Nf3 Nf6 2. g3 g6 3. c4 Bg7 4.
Bg2 O-O 5. O-O d6 6. d4 Nbd7 7.
Nc3 e5 8. e4 exd4 9. Nxd4 Re8 10. h3 Nc5 11. Re1 Bd7 12. Rb1 Qc8 13. Kh2 Re5 14. Nf3 Rh5 15. Nh4 Qd8 16. b4 Ne6 17.
Nd5 Rxh4 18. gxh4 Nxd5 19. exd5 Nd4 20. Bg5 Qc8 21. Re4 Bf5 22. h5 Bxe4 23. Bxe4 Qe8 24. Bg2 Qe5+ 25. f4 Qe3 26. h6 Bh8 27. Qg4 Re8 28.
Rf1 Nf5 29. Bh4 Bd4 30. Bf2 Qd2 31. Bxd4 Qxd4 32. Qg5 f6 33. Qg4 Re3 34. c5 Qd2 35. cxd6 cxd6 36. Rd1 Qc2 37. Rf1 Rg3 38. Qd1 Qxg2# 0-1

[Event "*** Titled Tuesday Blitz"]
[Site "Chess.com"]
[Date "2020.04.21"]
[Round "7"]
[White "WelshTiger"]
[Black "vovachesss"]
[Result "0-1"]
[WhiteElo "2392"]
[BlackElo "2629"]
[TimeControl "180+1"]
[EndTime "11:20:55 PDT"]
[Termination "vovachesss won by resignation"]

1. e4 e5 2. Nf3 d5 3. Nxe5 Bd6 4. d4 dxe4 5. Be2 Bxe5 6. dxe5 Qxd1+ 7. Bxd1 Nc6 8. Nc3 Bf5 9. Bf4 O-O-O 10. g4 Bg6 11. h4 h5 12. Be2 Nd4 13. O-O-O Nxe2+ 14. Nxe2 Rxd1+ 15. Kxd1 hxg4 16. Kd2 Ne7 17. Ng3 Nd5 18. Bg5 f6 19. exf6 gxf6 20. Be3 Rd8 21. Ke2 f5 22. Bg5 Rd7 23. h5 Bh7 24. h6 f4 25. Nh5 f3+ 26.
Kd2 Nf4+ 27. Kc3 Nxh5 28. Rxh5 Rd5 29. Kc4 c6 30. Kb3 e3 31. c4 Rf5 0-1

[Event "*** Titled Tuesday Blitz"]
[Site "Chess.com"]
[Date "2020.04.21"]
[Round "7"]
[White "Grandmaster2B"]
[Black "AnonymusDonkey"]
[Result "0-1"]
[WhiteElo "2527"]
[BlackElo "2415"]
[TimeControl "180+1"]
[EndTime "11:20:56 PDT"]
[Termination "AnonymusDonkey won by resignation"]

1. e4 c5 2. Nf3 d6 3. d4 cxd4 4. Nxd4 Nf6 5. Nc3 a6 6. f3 e5 7. Nb3 Be6 8. Be3 Be7 9. Qd2 O-O 10. O-O-O Nbd7 11. g4 b5 12. g5 Nh5 13. Nd5 Bxd5 14. exd5 f6 15. gxf6 Bxf6 16. Rg1 Nf4 17. Bxf4 exf4 18.
Nd4 Bxd4 19. Qxd4 Qf6 20. Bh3 Qxd4 21. Rxd4 Ne5 22. Be6+ Kh8 23. Rf1 Ra7 24. b3 Rc7 25. Kb1 Rc3 26. Bg4 g6 27. Kb2 Re3 28. Rd2 h5 29.
Bh3 Nxf3 30. Rdf2 Ne5 31. Bg2 f3 32. Kc1 b4 33. Kd2 Rc3 34. a3 a5 35. axb4 axb4 36. Kd1 Rf4 37. Bh1 Rd4+ 38. Kc1 Nd3+ 0-1

[Event "*** Titled Tuesday Blitz"]
[Site "Chess.com"]
[Date "2020.04.21"]
[Round "7"]
[White "Nastya_Rakhmangulova"]
[Black "IMAghasiyevKamal"]
[Result "1-0"]
[WhiteElo "2394"]
[BlackElo "2516"]
[TimeControl "180+1"]
[EndTime "11:20:56 PDT"]
[Termination "Nastya_Rakhmangulova won by resignation"]

1. e4 e5 2. Nf3 Nc6 3. c3 Nf6 4.
d4 exd4 5. e5 Ne4 6. Qe2 d5 7.
exd6 Bf5 8. Nbd2 Bxd6 9. Nxe4 O-O 10. Nxd6 Qxd6 11. cxd4 Rfe8 12. Be3 Bg4 13. O-O-O Nb4 14. a3 a5 15. Qc4 Ra6 16. Kb1 Bf5+ 17. Ka1 Rc6 18. Qb5 Nc2+ 19. Ka2 Nxa3 20. Qxf5 Rc2 21. Rd2 Rc1 22. Ng5 f6 23. Qxh7+ Kf8 24. Qh8+ Ke7 25.
Qxg7+ Kd8 26. Nf7+ 1-0

[Event "*** Titled Tuesday Blitz"]
[Site "Chess.com"]
[Date "2020.04.21"]
[Round "7"]
[White "Rinas_Oleg"]
[Black "Keks2017"]
[Result "0-1"]
[WhiteElo "2229"]
[BlackElo "2386"]
[TimeControl "180+1"]
[EndTime "11:20:56 PDT"]
[Termination "Keks2017 won on time"]

1. e4 c5 2. Nf3 d6 3. d4 cxd4 4. Nxd4 Nf6 5. Nc3 a6 6. Bg5 e6 7. f4 b5 8. a3 Nbd7 9. Bd3 Bb7 10. Qe2 Be7 11. O-O Qb6 12. Qf2 Ng4 13. Qg3 Qxd4+ 14.
Kh1 Bxg5 15. Qxg4 Bf6 16. Rad1 Qc5 17. Rf3 h5 18. Qh3 Bxc3 19. bxc3 Nf6 20. f5 e5 21. Qg3 Kf8 22. Qg5 h4 23. h3 Rh5 24.
Qd2 Rc8 25. Be2 Nxe4 0-1

[Event "*** Titled Tuesday Blitz"]
[Site "Chess.com"]
[Date "2020.04.21"]
[Round "7"]
[White "Gandrade2"]
[Black "violetflower04"]
[Result "1-0"]
[WhiteElo "1989"]
[BlackElo "2209"]
[TimeControl "180+1"]
[EndTime "11:20:56 PDT"]
[Termination "Gandrade2 won on time"]

1. b3 c5 2. Bb2 Nc6 3. e3 Nf6 4.
Nf3 d5 5. Bb5 Qc7 6. Bxc6+ Qxc6 7. O-O Bg4 8. d3 e6 9. Nbd2 Bd6 10. h3 Bh5 11. Qe1 Qc7 12. e4 dxe4 13. dxe4 e5 14. Qe3 O-O 15. Nc4 Rfe8 16. Rad1 Rad8 17. Rfe1 Bxf3 18. Qxf3 b5 19. Ne3 Bf8 20. c4 bxc4 21. Nxc4 Rxd1 22. Rxd1 Qc6 23. Nxe5 Qxe4 24. Qxe4 Nxe4 25.
Nd7 Be7 26. Kf1 Bg5 27. Rd5 Nd2+ 28. Kg1 Bf4 29. g3 Bc7 30. Nxc5 Bb6 31. Nd7 Nf3+ 32. Kg2 Ne1+ 33. Kf1 h6 34. Nxb6 axb6 35. Rd7 Nf3 36. Ba3 Re1+ 37. Kg2 Ne5 38. Rd8+ Kh7 39. Re8 f6 40.
Bd6 1-0

[Event "*** Titled Tuesday Blitz"]
[Site "Chess.com"]
[Date "2020.04.21"]
[Round "7"]
[White "Kobalia"]
[Black "dragos420"]
[Result "1-0"]
[WhiteElo "2715"]
[BlackElo "2520"]
[TimeControl "180+1"]
[EndTime "11:20:58 PDT"]
[Termination "Kobalia won by resignation"]

1. e4 e5 2. Nf3 Nc6 3. Bb5 g6 4. c3 Bg7 5. d4 exd4 6. cxd4 a6 7.
Bc4 b5 8. Bb3 Nge7 9. O-O O-O 10. Nc3 d6 11. h3 Na5 12. Bf4 Nxb3 13. Qxb3 Be6 14. d5 Bd7 15. Rfe1 h6 16. e5 dxe5 17. Nxe5 Nf5 18. Rad1 Kh7 19. Ne4 Be8 20. Nc6 Bxc6 21. dxc6 Qc8 22. Rd7 Nd4 23. Qd5 Ne6 24. Be5 Rd8 25.
Bxg7 Kxg7 26. Qxe6 Rxd7 27. Qxd7 Qxd7 28. cxd7 Rd8 29.
Nc5 1-0

[Event "*** Titled Tuesday Blitz"]
[Site "Chess.com"]
[Date "2020.04.21"]
[Round "7"]
[White "JozefKneht"]
[Black "doons21"]
[Result "0-1"]
[WhiteElo "2434"]
[BlackElo "2613"]
[TimeControl "180+1"]
[EndTime "11:20:58 PDT"]
[Termination "doons21 won by resignation"]

1. e4 e6 2. d4 d5 3. Nc3 Bb4 4.
e5 Ne7 5. a3 Bxc3+ 6. bxc3 c5 7. Qg4 Kf8 8. h4 Qa5 9. Bd2 Qa4 10. Kd1 Nbc6 11. Nf3 b6 12. h5 h6 13. Qf4 cxd4 14.
cxd4 Ba6 15. Bxa6 Qxa6 16. g4 Rc8 17. c3 Qa4+ 18. Ke2 Qc4+ 19. Ke3 Na5 20. Nh4 Ke8 21. Rac1 Nb3 22. Rc2 Qa4 23. Ra2 Na5 24. Kf3 g5 25.
hxg6 fxg6 26. Kg2 g5 27. Qf6 Rf8 28. Qxe6 Rc6 0-1

[Event "*** Titled Tuesday Blitz"]
[Site "Chess.com"]
[Date "2020.04.21"]
[Round "7"]
[White "FMJoseHerrera"]
[Black "Andreikka"]
[Result "0-1"]
[WhiteElo "2614"]
[BlackElo "2942"]
[TimeControl "180+1"]
[EndTime "11:20:59 PDT"]
[Termination "Andreikka won by checkmate"]

1. Nf3 d5 2. g3 Nd7 3. Bg2 e5 4. O-O Ngf6 5. c4 dxc4 6. Qa4 c6 7. Qxc4 Bd6 8. d3 O-O 9. a4 a5 10. Qc2 h6 11. Nbd2 Nb6 12. b3 Re8 13. Bb2 Bc7 14. Rfd1 Nbd5 15. Rac1 Bg4 16. Qb1 Nd7 17. h3 Bh5 18.
Nc4 Qe7 19. e4 Nb4 20. Ne3 Nc5 21. Ba3 Ne6 22. g4 Bg6 23. Nf5 Qf6 24. Bb2 Nf4 25. Bf1 Bxf5 26. exf5 Rad8 27. Bc3 Qd6 28. Nd2 e4 29. Nxe4 Ne2+ 30. Bxe2 Qh2+ 31. Kf1 Qh1# 0-1

[Event "*** Titled Tuesday Blitz"]
[Site "Chess.com"]
[Date "2020.04.21"]
[Round "7"]
[White "kungmongmanh"]
[Black "SanchezKelvin"]
[Result "1-0"]
[WhiteElo "2593"]
[BlackElo "2411"]
[TimeControl "180+1"]
[EndTime "11:20:59 PDT"]
[Termination "kungmongmanh won by checkmate"]

1. d4 Nf6 2. c4 g6 3. Nc3 Bg7 4. e4 d6 5. Nf3 O-O 6. Be2 c5 7. d5 Bg4 8. O-O e6 9. h3 Bxf3 10. Bxf3 exd5 11. exd5 Nfd7 12. Be2 f5 13. Nb5 a6 14.
Nc3 Ne5 15. f4 Nf7 16. g4 Qh4 17. Qd3 Bd4+ 18. Kg2 fxg4 19. hxg4 Nh6 20. Qf3 Qe7 21. Rh1 Nf7 22. Qh3 h6 23. Qd3 Kg7 24. Bd2 Nd7 25. Rae1 Rae8 26. Bd1 Qf6 27. Ne4 Qd8 28. Bc2 Nh8 29.
Nxd6 Rxe1 30. Rxe1 Nf6 31. Re6 Rg8 32. g5 hxg5 33.
fxg5 Nh7 34. Rxg6+ Nxg6 35. Qxg6+ Kf8 36. Qf7# 1-0

[Event "*** Titled Tuesday Blitz"]
[Site "Chess.com"]
[Date "2020.04.21"]
[Round "7"]
[White "Hikaru"]
[Black "BillieKimbah"]
[Result "1-0"]
[WhiteElo "3231"]
[BlackElo "2831"]
[TimeControl "180+1"]
[EndTime "11:21:00 PDT"]
[Termination "Hikaru won by resignation"]

1. Nf3 Nf6 2. b3 g6 3. d4 Bg7 4.
Bb2 O-O 5. e3 d6 6. Be2 Qe8 7. O-O Nbd7 8. c4 e5 9. dxe5 dxe5 10.
Ba3 c5 11. Nc3 e4 12. Nd2 Qe5 13. Qc2 Re8 14. Bb2 Qe7 15. Rfd1 a6 16. Nf1 b6 17. Nd5 Nxd5 18. Rxd5 Bb7 19. Rd2 Ne5 20. Ng3 f5 21. Bf1 Rad8 22. Rad1 Ng4 23. Bxg7 Kxg7 24. h3 Nf6 25.
Ne2 Bc6 26. Nf4 g5 27. Rxd8 Rxd8 28. Ne6+ Qxe6 29. Rxd8 f4 30. Qd2 Bd7 31. exf4 g4 32.
hxg4 Qxg4 33. Qd6 Be8 34. Qe7+ Bf7 35. Rd6 Qxf4 36. g3 Qf5 37. Bh3 Qg5 38. Be6 1-0

[Event "*** Titled Tuesday Blitz"]
[Site "Chess.com"]
[Date "2020.04.21"]
[Round "7"]
[White "dennisodessa"]
[Black "thedjoker98"]
[Result "0-1"]
[WhiteElo "2303"]
[BlackElo "2492"]
[TimeControl "180+1"]
[EndTime "11:21:00 PDT"]
[Termination "thedjoker98 won by resignation"]

1. d4 d5 2. c4 c6 3. Nf3 Nf6 4. Nbd2 Bg4 5. Ne5 Bf5 6. Qb3 Qb6 7.
e3 e6 8. f3 h6 9. c5 Qc7 10. g4 Bh7 11. Bd3 Bxd3 12. Qxd3 Be7 13. h4 Nbd7 14. Nxd7 Nxd7 15. f4 b6 16. b4 a5 17. cxb6 Qxb6 18. bxa5 Qxa5 19. Bb2 c5 20. dxc5 Nxc5 21. Qc3 Qb5 22. Nb3 Nd3+ 23. Kd2 Nxb2 24. Qxb2 Bf6 25. Qc2 Bxa1 26. Rxa1 O-O 27. Nd4 Qb4+ 28.
Ke2 Rfc8 29. Qd3 Rc3 30. Qd2 Qc4+ 31. Kf3 Raa3 32. g5 Rxe3+ 33. Qxe3 Rxe3+ 34. Kxe3 Qc3+ 0-1